 Dungeon Crawl Stone Soup version 0.31-a0-277-g31ea1f65cc (webtiles) character file.

Game seed: 17850545679484298577

22 Maxmaps the Trooper (level 2, 0/33 HPs)
             Began as an Ogre Shapeshifter on July 15, 2023.
             Slain by a kobold
             ... wielding a +2 whip of venom
              (6 damage)
             ... on level 1 of the Dungeon.
             The game lasted 00:00:47 (827 turns).

Maxmaps the Trooper (Ogre Shapeshifter)              Turns: 827, Time: 00:00:48

Health: 0/33       AC:  3    Str: 18    XL:     2   Next: 91%
Magic:  2/2        EV:  9    Int:  9    God:
Gold:   41         SH:  0    Dex:  9    Spells: 1/1 levels left

rFire   . . .        f - +0 club
rCold   . . .        (no shield)
rNeg    . . .        a - +0 animal skin
rPois   .            (helmet currently unavailable)
rElec   .            (cloak currently unavailable)
rCorr   .            (gloves unavailable)
SInv    .            (boots unavailable)
Will    .....        (no amulet)
Stlth   +            (no ring)
HPRegen 0.25/turn    (no ring)
MPRegen 0.08/turn

%: no passive effects
@: lethally poisoned (0 -> -25), beast-form
A: beast (slay +2), large, unfitting armour, tough skin 1
a: Begin Untransformation


You were on level 1 of the Dungeon.
You were a hulking beast.
You visited 1 branch of the dungeon, and saw 1 of its levels.

You collected 41 gold pieces.

Inventory:

Hand Weapons
 f - a +0 club (weapon)
Armour
 a - a +0 animal skin (worn)
Talismans
 c - a beast talisman
Scrolls
 d - 2 scrolls of teleportation {unknown}
 e - a scroll of immolation {unknown}
 g - a scroll of identify {unknown}
 h - a scroll of blinking {unknown}
Potions
 b - 2 potions of lignification
 i - a potion of haste {unknown}


   Skills:
 + Level 4.4 Fighting
 - Level 1.7 Dodging
 - Level 1.7 Unarmed Combat
 - Level 3.0 Shapeshifting


You had one spell level left.
You didn't know any spells.
Your spell library contained the following spells:

 Spells                   Type           Power      Damage    Failure   Level
 Vhi's Electric Charge    Tloc/Air       0%         N/A       77%         3
 Arcjolt                  Conj/Air       0%         1d10      100%        5
 Plasma Beam              Fire/Air       0%         2x1d10    100%        6


Dungeon Overview and Level Annotations

Branches:
Dungeon (1/15)

Altars:


Innate Abilities, Weirdness & Mutations

You are a hulking beast.
Your limbs bulge with bestial killing power. (Slay +2)
You are too large for most types of armour.
You have tough skin. (AC +1)


Message History

You hit the quokka.
The quokka is almost dead.
The quokka closely misses you. x2
You hit the quokka.
You kill the quokka!
No target in view!
No target in view!
No target in view!
No target in view!
No target in view!
You open the door.
There is an open door here.
A bat comes into view.
The bat moves out of view.
No target in view!
A kobold comes into view. It is wielding a +2 whip of venom.
The kobold shouts!
There are monsters nearby!
You closely miss the bat. The bat closely misses you.
There are monsters nearby!
You hit the kobold.
The kobold is severely wounded.
The bat hits you but does no damage.
The kobold hits you with a +2 whip of venom.
You are poisoned.
You closely miss the kobold.
The kobold is severely wounded.
You feel very sick. The bat hits you but does no damage.
The kobold hits you with a +2 whip of venom.
You are lethally poisoned!
The kobold hits you with a +2 whip of venom.
You are more poisoned.
You barely miss the kobold.
The kobold is severely wounded.
* * * LOW HITPOINT WARNING * * *
You feel extremely sick. The bat hits you but does no damage. x2
The kobold hits you with a +2 whip of venom.
You die...

.......#### .......#
#.# ##...### #.#
#... #.# #... #.# #
#.# ... #.#######
.....##.......#
#.....bh....#.#
#.##.##K###.#.######
#... #........#
......###.####.#
..#...####.####.# .#
##.##............#
###.#. . #.##
##......# #.... #
#.# #......# #.#.#.#
##+## #.....##


You could see a bat and a kobold.

Vanquished Creatures
  4 bats (D:1)
  A giant cockroach (D:1)
  A goblin (D:1)
  2 hobgoblins (D:1)
  A jackal (D:1)
  3 quokkas (D:1)
  2 frilled lizards (D:1)
  5 kobolds (D:1)
  2 rats (D:1)
21 creatures vanquished.

Notes
Turn   | Place    | Note
-------+----------+-------------------------------------------
     0 | D:1      | Maxmaps the Ogre Shapeshifter began the quest for the Orb.
     0 | D:1      | Reached XP level 1. HP: 22/22 MP: 1/1
    33 | D:1      | Reached skill level 3 in Fighting
   236 | D:1      | Reached XP level 2. HP: 30/32 MP: 2/2
   385 | D:1      | Reached skill level 4 in Fighting
   827 | D:1      | Slain by a kobold

Illustrated notes

Levels and vault maps discovered:
D:1:      minmay_arrival_cross, layout_loops_corners,
          kennysheep_decorative_pillar, minmay_tall_x

Skill      XL: |  1  2 |
---------------+-------+-----
Fighting       | 3 4 |  4.4
Dodging        | |  1.7
Unarmed Combat | |  1.7
Shapeshifting  | |  3.0

Action                     || total
---------------------------++-------
  Melee: Unarmed           ||    20
         Club              ||    54
         Punch             ||     1
 Armour: Animal skin       ||    52
  Dodge: Dodged            ||    53
         Form:             ||     1
         Beast             ||     1

Table legend: (Time is in decaauts)
 A = Elapsed time spent in this place.
 B = Non-inter-level travel time spent in this place.
 C = Inter-level travel time spent in this place.
 D = Time resting spent in this place.
 E = Time spent auto-exploring this place.
 F = Levels seen in this place.
 G = Mean time per level.
                   A        B        C        D        E       F      G
               +--------+--------+--------+--------+--------+-----+--------+
         Total |    843 |    843 |      0 |    130 |    532 |   1 |  843.0 |
       Dungeon |    843 |    843 |      0 |    130 |    532 |   1 |  843.0 |
               +--------+--------+--------+--------+--------+-----+--------+

Top non-repeatable levels by time:
     D:1: 843 daAuts
